 Dungeon Crawl Stone Soup version 0.28-a0-1447-ga5a8893891 (webtiles) character file.

Game seed: 5638289200000954689

16835 dolemite99 the Severer (level 12, -4/118 HPs)
             Began as a Minotaur Fighter on Jan 11, 2022.
             Was a High Priest of Ignis.
             Slain by a ten-headed hydra (10 damage)
             ... on level 9 of the Dungeon.
             The game lasted 00:13:57 (13998 turns).

dolemite99 the Severer (Minotaur Fighter)          Turns: 13998, Time: 00:13:58

Health: -4/118     AC: 17    Str: 26    XL:     12   Next: 13%
Magic:  11/11      EV:  8    Int:  5    God:    Ignis [*****.]
Gold:   413        SH:  5    Dex: 10    Spells: 11/11 levels left

rFire   + . .      SeeInvis .   b - +4 dire flail
rCold   . . .      Faith    .   (shield currently unavailable)
rNeg    + . .      Spirit   .   l - +1 chain mail {rN+}
rPois   .          Reflect  +   (helmet restricted)
rElec   .          Harm     .   (no cloak)
rCorr   +          Rampage  .   C - +0 pair of gloves
Will    .....                   J - +1 pair of boots
Stlth   ..........              w - amulet of reflection
HPRegen 0.29/turn               v - ring of resist corrosion
MPRegen 0.12/turn               o - ring of flight

@: mighty, flying
A: horns 2, retaliatory headbutt
a: Renounce Religion, Fiery Armour, Foxfire Swarm, Rising Flame


You were on level 9 of the Dungeon.
You worshipped Ignis.
Ignis was extremely pleased with you.
You visited 1 branch of the dungeon, and saw 9 of its levels.
You also visited: Ossuary.

You collected 413 gold pieces.

Inventory:

Hand Weapons
 a - a +3 war axe
 b - a +4 dire flail (weapon)
 p - a +1 vorpal flail
 B - a +4 flail of protection
 F - a +0 hand crossbow
 L - a +2 dire flail of protection
Missiles
 g - 2 throwing nets
 j - 145 stones
 k - 174 arrows
 u - a silver javelin
 y - 35 poisoned darts (quivered)
Armour
 c - a +0 buckler
 l - a +1 chain mail of positive energy (worn)
 s - a +0 plate armour
 C - a +0 pair of gloves (worn)
 H - a +0 plate armour
 J - a +1 pair of boots (worn)
Jewellery
 o - a ring of flight (right hand)
 v - a ring of resist corrosion (left hand)
 w - an amulet of reflection (around neck)
 N - an amulet of the acrobat
Wands
 D - a wand of charming (7)
 G - a wand of paralysis (3)
 I - a wand of mindburst (13)
 K - a wand of polymorph (13)
Scrolls
 e - 5 scrolls of teleportation
 f - a scroll of holy word
 h - 4 scrolls of identify {@r1}
 i - 2 scrolls of fog
 n - 4 scrolls of enchant armour
 x - 2 scrolls of amnesia
Potions
 d - a potion of might
 m - a potion of experience
 q - 3 potions of mutation
 t - a potion of flight
 z - a potion of degeneration
 A - a potion of attraction
 E - a potion of curing
 M - a potion of heal wounds {unknown}


   Skills:
 - Level 14.4 Fighting
 - Level 15.0 Axes
 + Level 0.0(9.7) Maces & Flails
 - Level 11.2 Armour
 - Level 3.6 Shields


You had 11 spell levels left.
You didn't know any spells.
Your spell library contained the following spells:

 Spells                   Type           Power      Damage    Failure   Level
 Foxfire                  Conj/Fire      0%         2x1d4     94%         1
 Sting                    Tmut/Pois      0%         1d3       94%         1
 Blink                    Tloc           0%         N/A       98%         2
 Poisonous Vapours        Pois/Air       0%         N/A       98%         2
 Conjure Flame            Conj/Fire      0%         6-21      100%        3
 Inner Flame              Hex/Fire       0%         N/A       100%        3
 Lesser Beckoning         Tloc           0%         N/A       100%        3
 Flame Wave               Conj/Fire      0%         2d4       100%        4
 Fulminant Prism          Conj/Hex       0%         3d6       100%        4
 Iskenderun's Mystic Bla  Conj/Tloc      0%         2d3       100%        4
 Olgreb's Toxic Radiance  Pois           0%         N/A       100%        4
 Lee's Rapid Deconstruct  Erth           0%         3d5*      100%        5
 Lightning Bolt           Conj/Air       0%         1d11      100%        5
 Manifold Assault         Tloc           0%         N/A       100%        5
 Dispersal                Tloc           0%         N/A       100%        6
 Disjunction              Tloc           0%         N/A       100%        8


Dungeon Overview and Level Annotations

Branches:
Dungeon (9/15)             Temple (0/1) D:6             Orc (0/2) D:9
Ossuary (visited)
   Lair: D:8-11

Altars:
Ashenzari
Dithmenos
Okawaru
Yredelemnul
Zin
Ignis


Innate Abilities, Weirdness & Mutations

You have a pair of horns on your head.
You reflexively headbutt those who attack you in melee.


Message History

The ten-headed hydra bites you.
* * * LOW HITPOINT WARNING * * *
The ten-headed hydra bites you!
* * * LOW HITPOINT WARNING * * *
The ten-headed hydra bites you.
* * * LOW HITPOINT WARNING * * *
You block the ten-headed hydra's attack.
The ten-headed hydra bites you but does no damage.
Okay, then.
Okay, then.
You feel more experienced!
Your Fighting skill gained 4 levels and is now at level 14!
You have reached level 12!
You feel stronger.
You block the ten-headed hydra's attack. x2
The ten-headed hydra bites you.
* * * LOW HITPOINT WARNING * * *
The ten-headed hydra bites you but does no damage. x2
The ten-headed hydra bites you.
* * * LOW HITPOINT WARNING * * *
The ten-headed hydra closely misses you.
The ten-headed hydra bites you but does no damage.
The ten-headed hydra completely misses you.
The ten-headed hydra closely misses you.
Okay, then.
You puncture the ten-headed hydra!
Your headbutt misses the ten-headed hydra.
The ten-headed hydra is heavily wounded.
The ten-headed hydra bites you but does no damage.
You block the ten-headed hydra's attack.
The ten-headed hydra bites you but does no damage.
You block the ten-headed hydra's attack.
The ten-headed hydra bites you.
* * * LOW HITPOINT WARNING * * *
The ten-headed hydra bites you but does no damage.
The ten-headed hydra bites you.
* * * LOW HITPOINT WARNING * * *
The ten-headed hydra bites you but does no damage.
The ten-headed hydra bites you!
You die...

# #........# # #.######## #
#.# ### ### #.# #.. ..# #.#
#.# #.# #.# #.# ###.#
#.######### #.####..D#
#.........# ####.##...#@#
##.>######..
#...........#####...##.....
#.##.##.#..............#
#<##........#####...####
### #.#####.#.### ##..# ).#
#.# #...#.# #.... #.# #.#
#.###.# ####.#### #.#
#.###.#####.P♣##.#+## ..#
#.......##.....#....##


You could see a ten-headed hydra.

Vanquished Creatures
  2 two-headed ogres (D:9)
  Pikel (D:5)
  The ghost of swinepaste the Arsonist, a novice DEFE of Vehumet (D:9)
  Maurice (D:8)
  Grinder (D:4)
  A troll (D:9)
  A hornet (D:9)
  4 slime creatures (D:8)
  Sigmund (D:6)
  2 wraiths
  A wyvern (D:9)
  A steam dragon (D:9)
  Menkaure (D:4)
  2 water moccasins
  Duvessa (D:4)
  3 sky beasts
  5 orc warriors
  A necrophage (D:8)
  An ogre (D:6)
  A centaur (D:8)
  2 phantoms
  Blork the orc (D:5)
  2 lemures (D:5)
  A kobold brigand (D:9)
  2 bullfrogs
  An elf zombie (D:6)
  4 scorpions
  2 elf skeletons (D:6)
  Dowan (D:4)
  A water moccasin skeleton (D:6)
  4 wights (D:8)
  An electric eel (D:7)
  5 howler monkeys
  4 centaur zombies
  A jelly (D:6)
  2 human zombies (Ossuary)
  3 hounds
  A gnoll shaman (D:4)
  5 orc priests
  2 bullfrog skeletons (D:6)
  A centaur skeleton (D:6)
  6 iguanas
  6 orc wizards
  2 human skeletons (D:6)
  A killer bee zombie (D:7)
  A hound zombie (D:5)
  2 mummies (Ossuary)
  Robin (D:3)
  10 gnolls
  9 adders
  5 river rats (D:6)
  2 shadow imps
  A white imp (D:7)
  3 ufetubi (D:6)
  An adder zombie (Ossuary)
  4 worms
  A dart slug (D:3)
  39 orcs
  3 bats
  10 endoplasms
  4 giant cockroaches
  20 goblins
  10 hobgoblins
  6 jackals
  15 quokkas
  2 ball pythons
  5 frilled lizards
  A goblin zombie (Ossuary)
  14 hobgoblin zombies (Ossuary)
  4 jackal zombies (Ossuary)
  5 kobolds
  9 kobold zombies (Ossuary)
  6 orc skeletons (D:6)
  6 orc zombies (Ossuary)
  19 rats
311 creatures vanquished.

Vanquished Creatures (others)
  9 foxfires (D:9)
  48 plants
  2 withered plants (D:4)
59 creatures vanquished.

Grand Total: 370 creatures vanquished

Notes
Turn   | Place    | Note
-------+----------+-------------------------------------------
     0 | D:1      | dolemite99 the Minotaur Fighter began the quest for the
                  | Orb.
     0 | D:1      | Reached XP level 1. HP: 19/19 MP: 0/0
   145 | D:1      | Reached skill level 3 in Axes
   166 | D:1      | Reached XP level 2. HP: 26/26 MP: 1/1
   528 | D:1      | Reached skill level 4 in Axes
   679 | D:1      | Reached XP level 3. HP: 31/31 MP: 2/2
  1114 | D:2      | Reached skill level 5 in Axes
  1425 | D:2      | Reached XP level 4. HP: 39/39 MP: 3/3
  1892 | D:2      | Found a faded altar of an unknown god.
  1943 | D:2      | Prayed at the altar of an unknown god.
  1943 | D:2      | Became a worshipper of Ignis, the Dying Flame
  2023 | D:3      | Noticed Robin
  2034 | D:3      | Killed Robin
  2359 | D:3      | Reached skill level 6 in Axes
  2502 | D:3      | Found an iron altar of Okawaru.
  2581 | D:3      | Found a glowing silver altar of Zin.
  2857 | D:3      | Reached XP level 5. HP: 45/45 MP: 4/4
  3168 | D:4      | Noticed a phantom
  3178 | D:4      | Killed a phantom
  3179 | D:4      | Reached skill level 7 in Axes
  3275 | D:4      | Reached XP level 6. HP: 39/51 MP: 5/5
  3417 | D:4      | Noticed Menkaure
  3430 | D:4      | Killed Menkaure
  3431 | D:4      | Reached skill level 8 in Axes
  4066 | D:4      | Reached skill level 9 in Axes
  4126 | D:4      | Noticed Grinder
  4134 | D:4      | Killed Grinder
  4135 | D:4      | Reached skill level 10 in Axes
  4135 | D:4      | Reached XP level 7. HP: 52/57 MP: 6/6
  4243 | D:4      | Noticed Duvessa
  4243 | D:4      | Noticed Dowan
  4252 | D:4      | Killed Duvessa
  4263 | D:4      | Killed Dowan
  4640 | D:4      | Found a basalt altar of Yredelemnul.
  4890 | D:5      | Entered Level 5 of the Dungeon
  5000 | D:4      | Reached skill level 11 in Axes
  5264 | D:5      | Reached XP level 8. HP: 53/64 MP: 7/7
  5381 | D:5      | Noticed Pikel
  5414 | D:5      | Killed Pikel
  5415 | D:5      | Reached skill level 12 in Axes
  5601 | D:5      | Reached skill level 13 in Axes
  5703 | D:5      | Noticed Blork the orc
  5713 | D:5      | Killed Blork the orc
  6262 | D:5      | Reached skill level 14 in Axes
  6262 | D:5      | Reached XP level 9. HP: 45/70 MP: 8/8
  7045 | D:6      | Noticed Sigmund
  7053 | D:6      | Killed Sigmund
  7123 | D:6      | Found a staircase to the Ecumenical Temple.
  7190 | D:6      | Found a sand-covered staircase.
  7195 | Ossuary  | Entered an ossuary
  7499 | Ossuary  | Reached skill level 15 in Axes
  7612 | D:6      | Reached skill level 5 in Fighting
  8711 | D:7      | Got the Compendium of Confrontation
  8951 | D:7      | Reached XP level 10. HP: 91/91 MP: 9/9
  8959 | D:7      | Found a broken altar of Ashenzari.
 10142 | D:8      | Reached skill level 5 in Armour
 10459 | D:8      | Found a shadowy altar of Dithmenos.
 11286 | D:8      | Noticed Maurice
 11299 | D:8      | Killed Maurice
 12035 | D:9      | Noticed a two-headed ogre
 12039 | D:9      | Killed a two-headed ogre
 12040 | D:9      | Reached skill level 10 in Armour
 12166 | D:9      | Noticed a two-headed ogre
 12176 | D:9      | Killed a two-headed ogre
 12177 | D:9      | Reached XP level 11. HP: 24/97 MP: 10/10
 12781 | D:9      | Paralysed by a hornet for 3 turns
 13071 | D:9      | Found a staircase to the Orcish Mines.
 13339 | D:9      | Found a runed translucent gate.
 13339 | D:9      | Noticed a nine-headed hydra
 13339 | D:9      | Noticed swinepaste's ghost (novice DEFE)
 13340 | D:9      | Found a runed translucent gate.
 13340 | D:9      | Noticed a ten-headed hydra
 13341 | D:9      | Found a runed translucent gate.
 13379 | D:9      | Killed swinepaste's ghost
 13380 | D:9      | Reached skill level 10 in Fighting
 13997 | D:9      | Reached XP level 12. HP: 17/118 MP: 11/11
 13998 | D:9      | Slain by a ten-headed hydra

Illustrated notes

Levels and vault maps discovered:
D:1:      dpeg_arrival_round_b, layout_basic
D:2:      layout_loops_corners, dilly_ecumenical_altar_fadedgnrine
D:3:      layout_loops_corners, mainiacjoe_overflow_brackets,
          okawaru_ov_weapons_minmay, moated_statue, grunt_ministairs_3,
          uniq_robin
D:4:      layout_basic, yredelemnul_altar_generic, uniq_grinder, uniq_duvessa,
          uniq_menkaure
D:5:      layout_cave_pods, gup_sewer_entry_spiral, uniq_blork_the_orc,
          uniq_pikel
D:6:      lemuel_ratsnest, layout_loops_cross, minmay_temple_entry_arrows,
          nicolae_ossuary_entry_catacombs, uniq_sigmund
D:7:      layout_cave_pods, mainiacjoe_overflow_boulevard,
          serial_bayou_lagoon_a, minmay_hedge_maze
D:8:      layout_cave_pods, lemuel_tele_altar, serial_glass, glass_columns_c,
          glass_columns_a, uniq_maurice
D:9:      layout_loops_corners, orc_0_dummy, gammafunk_ghost_hydra_chop

Skill      XL: |  1  2  3  4  5  6  7  8  9 10 11 |
---------------+----------------------------------+-----
Axes           | 3 4 5 6 7 10 11 14 15 | 15.0
Fighting       | 9 14 | 14.4
Armour         | 11 | 11.2
Shields        | |  3.6

Action                   |  1- 3 |  4- 6 |  7- 9 | 10-12 || total
-------------------------+-------+-------+-------+-------++-------
Melee: War axe           |    71 |   119 |   378 |   158 ||   726
       Headbutt          |     8 |    18 |    53 |    45 ||   124
       Dire flail        |       |       |       |     3 ||     3
Throw: Javelin           |       |     2 |     2 |       ||     4
       Stone             |       |       |    76 |     5 ||    81
       Dart              |       |       |       |    18 ||    18
Invok: Fiery Armour      |       |       |       |     1 ||     1
       Foxfire Swarm     |       |       |       |     1 ||     1
Evoke: Wand              |       |       |       |     6 ||     6
  Use: Scroll            |       |     1 |    13 |     8 ||    22
       Potion            |       |       |     1 |     2 ||     3
Armor: Scale mail        |    28 |    40 |     2 |       ||    70
       Chain mail        |       |       |   111 |    77 ||   188
       Skin              |       |       |       |     3 ||     3
Dodge: Dodged            |    33 |    35 |    79 |    38 ||   185
Block: Buckler           |    11 |    37 |    92 |    53 ||   193
       Other             |       |       |       |     7 ||     7

Table legend: (Time is in decaauts)
 A = Elapsed time spent in this place.
 B = Non-inter-level travel time spent in this place.
 C = Inter-level travel time spent in this place.
 D = Time resting spent in this place.
 E = Time spent auto-exploring this place.
 F = Levels seen in this place.
 G = Mean time per level.
                   A        B        C        D        E       F      G
               +--------+--------+--------+--------+--------+-----+--------+
         Total |  14030 |  13642 |    388 |   3619 |   7710 |  10 | 1403.0 |
       Dungeon |  13690 |  13302 |    388 |   3617 |   7564 |   9 | 1521.1 |
       Ossuary |    339 |    339 |      0 |      2 |    146 |   1 |  339.0 |
               +--------+--------+--------+--------+--------+-----+--------+

Top non-repeatable levels by time:
     D:4: 2339 daAuts
     D:9: 2192 daAuts
     D:8: 1663 daAuts
     D:5: 1573 daAuts
     D:7: 1466 daAuts
     D:6: 1261 daAuts
     D:3: 1198 daAuts
     D:2: 1087 daAuts
     D:1: 909 daAuts
 Ossuary: 339 daAuts
